Map: [ESL] Royal Blood

Players

DisK - Winner!

  • Race: Protoss Protoss
  • Spawn Location: 1:00

Erik

  • Race: Zerg Zerg
  • Spawn Location: 7:00

Event: ESL SC2 Masters 2023 Summer (Regionals)

VOD

Have the link to the VOD?

Description

Time

  • Played on: May 10, 2023, 1:48 p.m.
  • Length: 16:45

All games in this series

Show
View Real Time Build Order
Export as new Build Order

DisK Protoss - Winner!

Build Orders: 1 Gate Expand, Oracle Opening 

Get SALT Encoding   

  12  0:00  Probe  
  13  0:12  Probe  
  14  0:19  Pylon  
  14  0:24  Probe  
  15  0:37  Probe (Chrono Boost)  
  15  0:38  Gateway  
  16  0:47  Probe (Chrono Boost), Assimilator  
  17  0:52  Probe (Chrono Boost)  
  18  1:03  Probe  
  19  1:15  Probe  
  20  1:23  Nexus  
  20  1:33  Cybernetics Core  
  20  1:35  Probe  
  21  1:41  Assimilator  
  21  1:47  Probe  
  21  1:52  Pylon  
  22  2:00  Probe (Chrono Boost)  
  23  2:07  Adept (Chrono Boost)  
  23  2:11  Probe (Chrono Boost)  
  26  2:16  Probe (Chrono Boost)  
  26  2:18  Stargate  
  27  2:25  Warp Gate  
  27  2:28  Probe  
  28  2:30  Adept (Chrono Boost)  
  28  2:36  Probe  
  31  2:41  Probe  
  32  2:48  Probe, Shield Battery  
  33  2:53  Probe  
  36  3:00  Probe  
  36  3:02  Adept  
  36  3:05  Probe  
  38  3:06  Shield Battery  
  38  3:09  Oracle (Chrono Boost)  
  41  3:19  Gateway  
  40  3:23  Probe  
  40  3:26  Probe  
  42  3:30  Pylon  
  42  3:35  Probe  
  42  3:38  Probe  
  44  3:42  Twilight Council  
  44  3:47  Probe  
  45  3:53  Shield Battery  
  45  3:55  Oracle (Chrono Boost)  
  45  3:56  Pylon  
  45  4:01  Probe x2  
  50  4:09  Gateway  
  50  4:12  Gateway  
  50  4:13  Adept  
  50  4:14  Adept  
  50  4:15  Probe  
  50  4:16  Resonating Glaives (Chrono Boost)  
  55  4:17  Assimilator  
  55  4:18  Probe  
  56  4:27  Gateway  
  56  4:31  Gateway  
  56  4:34  Stalker  
  56  4:37  Probe  
  59  4:39  Probe  
  59  4:43  Pylon  
  60  4:49  Probe  
  60  4:51  Probe  
  62  4:56  Adept  
  61  5:01  Probe, Pylon  
  62  5:08  Adept x3  
  68  5:15  Probe x2  
  68  5:19  Pylon x2  
  70  5:34  Nexus  
  70  5:37  Adept x2, Pylon  
  74  5:53  Probe x2  
  74  5:55  Robotics Facility  
  70  6:05  Probe  
  63  6:12  Adept x3, Void Ray  
  63  6:13  Adept  
  63  6:14  Shield Battery  
  71  6:21  Stalker x2  
  71  6:23  Blink (Chrono Boost)  
  75  6:27  Forge  
  75  6:31  Probe  
  75  6:32  Probe  
  77  6:34  Assimilator  
  77  6:41  Immortal (Chrono Boost)  
  77  6:44  Probe x2  
  77  6:45  Shield Battery  
  83  6:47  Probe  
  84  6:59  Adept  
  84  7:00  Adept x2  
  88  7:01  Adept  
  88  7:02  Adept  
  81  7:08  Adept  
  81  7:14  Immortal (Chrono Boost)  
  81  7:18  Probe  
  86  7:25  Protoss Ground Weapons Level 1  
  86  7:27  Stalker x3  
  86  7:29  Probe  
  93  7:33  Shield Battery  
  93  7:36  Shield Battery  
  91  7:42  Probe x2  
  91  7:43  Probe  
  94  7:47  Observer (Chrono Boost)  
  95  7:51  Pylon  
  95  7:52  Adept  
  95  7:55  Sentry x2  
  101  7:59  Immortal (Chrono Boost)  
  101  8:03  Adept x3  
  91  8:17  Adept x2  
  91  8:18  Adept  
  91  8:26  Stalker x3  
  95  8:30  Observer  
  95  8:33  Shield Battery  
  95  8:34  Shield Battery x2  
  95  8:36  Shield Battery  
  95  8:37  Shield Battery  
  95  8:40  Immortal  
  99  8:44  Stalker x2  
  99  8:47  Adept  
  105  8:55  Observer  
  99  9:04  Stalker x3  
  99  9:08  Adept x3  
  99  9:09  Probe x2  
  111  9:14  Pylon  
  111  9:16  Robotics Bay  
  111  9:27  Adept x3  
  111  9:30  Adept x3  
  123  9:43  Gateway  
  122  9:48  Gateway, Assimilator  
  122  9:49  Assimilator  
  122  9:53  Pylon  
  122  9:56  Zealot x5  
  130  10:05  Disruptor  
  130  10:06  Robotics Facility  
  129  10:08  Charge (Chrono Boost)  
  129  10:18  Stalker x3  
  131  10:22  Adept  
  131  10:23  Adept x2  
  135  10:35  Pylon  
  135  10:36  Pylon  
  135  10:40  Adept  
  137  10:49  Disruptor (Chrono Boost)  
  140  10:51  Protoss Ground Weapons Level 2 (Chrono Boost)  
  140  11:00  Disruptor (Chrono Boost)  
  143  11:05  Probe  
  144  11:18  Stalker x6  
  156  11:22  Pylon  
  156  11:24  Pylon  
  138  11:35  Disruptor x2  
  144  11:45  Stalker  
  144  11:46  Stalker x4  
  150  11:49  Nexus  
  140  12:08  Pylon  
  128  12:26  Stalker x7  
  128  12:27  Stalker  
  128  12:28  Probe x3  
  147  12:31  Disruptor (Chrono Boost), Shield Battery  
  147  12:35  Observer (Chrono Boost)  
  151  12:39  Photon Cannon  
  151  12:51  Zealot  
  152  12:52  Zealot x3  
  152  12:53  Zealot  
  152  12:57  Templar Archives  
  156  13:10  Zealot x3  
  156  13:16  Zealot  
  156  13:17  Zealot x2  
  162  13:22  Photon Cannon  
  158  13:36  Stalker  
  158  13:37  Stalker x4  
  160  13:45  Zealot x3  
  162  13:56  Psionic Storm  
  162  14:00  High Templar x4  
  166  14:09  Archon x2  
  166  14:13  High Templar x2  
  166  14:14  Zealot x2  
  174  14:17  Pylon  
  174  14:18  Probe x3, Assimilator  
  174  14:19  Archon, Assimilator  
  170  14:49  Probe  
  170  14:52  Zealot x8  
  185  14:56  Pylon  
  183  15:03  Dark Shrine  
  183  15:14  High Templar x5  
  177  15:32  Zealot  
  177  15:33  Zealot x2  
  180  15:37  Nexus  
  180  15:40  Gateway x2  
  180  15:46  Gravitic Boosters  
  180  15:52  Pylon  
  180  15:55  Pylon  
  180  16:03  Zealot x4  
  180  16:13  Photon Cannon  
  180  16:15  Photon Cannon  
  180  16:17  Shield Battery  
  176  16:26  Archon x2  
  176  16:30  Zealot  
  176  16:31  Dark Templar x2  
  176  16:32  Dark Templar x5  
Show
View Real Time Build Order
Export as new Build Order

Erik Zerg 

Build Orders: Hatch First 

Get SALT Encoding   

  12  0:00  Drone  
  13  0:08  Drone  
  14  0:14  Extractor  
  14  0:15  Drone  
  15  0:36  Hatchery  
  15  0:41  Extractor  
  15  0:42  Drone  
  15  0:48  Overlord  
  15  1:03  Spawning Pool  
  14  1:06  Drone  
  14  1:10  Drone  
  16  1:13  Drone  
  16  1:18  Drone  
  18  1:20  Extractor  
  17  1:28  Drone  
  18  1:39  Drone  
  19  1:49  Queen x2  
  19  1:50  Zergling x2  
  24  1:56  Drone  
  24  1:59  Drone  
  26  2:05  Overlord  
  26  2:10  Drone  
  26  2:11  Drone  
  28  2:22  Metabolic Boost  
  28  2:24  Overlord  
  28  2:30  Queen  
  30  2:38  Queen  
  30  2:41  Drone  
  30  2:42  Drone  
  34  2:47  Drone x2  
  34  2:50  Drone  
  36  2:58  Zergling x6  
  39  2:59  Zergling x2  
  39  3:02  Zergling x2  
  39  3:03  Zergling x2  
  42  3:09  Overlord  
  42  3:11  Zergling x2  
  42  3:29  Drone, Spore Crawler  
  42  3:31  Spore Crawler  
  42  3:32  Drone x4  
  45  3:40  Drone x2  
  45  3:41  Drone  
  48  3:51  Hatchery  
  48  3:52  Drone  
  48  3:53  Drone x3  
  52  4:04  Overlord  
  52  4:06  Overlord  
  52  4:09  Hatchery  
  49  4:13  Overlord  
  49  4:14  Zergling x4  
  51  4:20  Overlord  
  51  4:22  Queen  
  53  4:24  Drone x2  
  55  4:31  Roach Warren  
  55  4:37  Drone x4  
  58  4:38  Zergling x2  
  58  4:43  Drone x2  
  58  4:45  Extractor  
  58  4:55  Overlord  
  58  4:56  Drone  
  58  5:01  Lair  
  58  5:05  Evolution Chamber  
  58  5:06  Overlord  
  57  5:08  Extractor  
  55  5:14  Roach x4  
  55  5:19  Roach  
  55  5:20  Roach x3  
  71  5:27  Roach x3  
  75  5:36  Zergling x2  
  75  5:37  Zergling x6  
  74  5:50  Roach  
  74  5:54  Drone x8  
  80  6:01  Glial Reconstitution  
  75  6:06  Drone x3  
  73  6:17  Zergling x12  
  79  6:18  Zergling x2  
  79  6:20  Zergling x2  
  81  6:29  Zergling x6  
  81  6:32  Ravager  
  85  6:37  Zergling x6  
  88  6:47  Zergling x10  
  88  6:49  Ravager x2  
  88  6:51  Zergling x6  
  95  7:08  Queen x3  
  89  7:10  Zergling x2  
  89  7:11  Zergling x6  
  90  7:19  Zergling x12  
  96  7:23  Ravager  
  96  7:24  Ravager  
  96  7:25  Ravager  
  96  7:26  Ravager  
  96  7:28  Zergling x6  
  96  7:29  Zergling x2  
  103  7:35  Drone x3  
  104  7:42  Zergling x2  
  105  7:46  Overlord x2  
  105  7:56  Queen  
  105  8:04  Roach  
  105  8:05  Roach x4  
  95  8:13  Zergling x6  
  91  8:22  Roach  
  81  8:32  Roach x3  
  87  8:39  Ravager x5  
  92  8:50  Zergling x2  
  92  8:51  Zergling x10  
  95  9:00  Zergling x6  
  93  9:07  Zergling x2  
  93  9:08  Zergling x16  
  100  9:10  Ravager x3  
  100  9:15  Zergling x6  
  106  9:19  Overseer  
  106  9:22  Zergling x4  
  108  9:24  Zerg Melee Weapons Level 1  
  108  9:25  Hatchery  
  107  9:32  Zergling x2  
  107  9:33  Zergling x4  
  107  9:36  Drone x6  
  116  9:44  Zergling x10  
  117  10:03  Roach x5  
  122  10:10  Overlord  
  122  10:11  Overlord x3  
  121  10:16  Roach  
  117  10:27  Overlord  
  116  10:31  Roach x4  
  116  10:33  Zergling x20  
  134  10:39  Ravager x4  
  137  10:46  Ravager  
  138  10:52  Ravager  
  138  10:53  Zergling x16  
  147  10:58  Drone x2  
  147  11:03  Drone x5  
  153  11:06  Drone  
  154  11:11  Drone x2  
  154  11:18  Zergling x4  
  158  11:21  Infestation Pit  
  147  11:28  Zergling x2  
  147  11:29  Zergling x22  
  129  11:38  Zergling x6  
  122  11:49  Zergling x2  
  122  11:50  Zergling x12  
  123  11:58  Zergling x4  
  123  11:59  Zergling x14  
  123  12:01  Hive  
  124  12:03  Zerg Melee Weapons Level 2  
  124  12:08  Zergling x6  
  111  12:26  Zergling x30  
  117  12:40  Roach x4  
  125  12:46  Hatchery  
  125  12:47  Roach x5  
  125  12:48  Roach  
  134  13:02  Zergling x18  
  137  13:18  Adrenal Glands  
  137  13:21  Zergling x2  
  137  13:22  Zergling x12  
  137  13:25  Overlord  
  137  13:26  Overlord x4  
  133  13:44  Zergling x24  
  138  13:55  Zergling x10  
  132  14:05  Zergling x10  
  132  14:07  Ravager x2  
  132  14:08  Ravager  
  137  14:14  Zergling x10  
  137  14:15  Zergling x2  
  143  14:23  Zergling x2  
  148  14:24  Zergling x8  
  144  14:37  Zergling x28  
  118  14:49  Roach x7  
  130  14:54  Roach x3  
  130  14:58  Roach  
  130  14:59  Roach  
  140  15:05  Drone x2  
  128  15:15  Zergling x4  
  128  15:16  Zergling x10  
  125  15:26  Zergling x2  
  125  15:27  Zergling x16  
  132  15:33  Zergling x2  
  132  15:34  Zergling x8  
  132  15:43  Zergling x14  
  134  15:56  Zergling x16  
  138  16:07  Roach x7  
  150  16:17  Zergling x6  
  150  16:18  Zergling x6  
Tags
 
Add a new tag
Caveats
  • Supply blocks, unpowered buildings, or Contaminate may cause inaccurate times.
  • Supply counts are checked every 10 seconds.